Map: Neon Violet Square LE

Players

Krr

  • Race: Protoss Protoss
  • Spawn Location: 11:00

Ryung - Winner!

  • Race: Terran Terran
  • Spawn Location: 5:00

Event: IEM Season 12 - Katowice

VOD

Have the link to the VOD?

Description

Time

  • Played on: Feb. 26, 2018, 5:03 a.m.
  • Length: 7:23

All games in this series

Show
View Real Time Build Order
Export as new Build Order

Krr Protoss 

Build Orders: 1 Gate Expand, Dark Templar Rush 

Get SALT Encoding   

  12  0:00  Probe  
  13  0:12  Probe  
  14  0:18  Pylon  
  14  0:24  Probe (Chrono Boost)  
  15  0:37  Probe (Chrono Boost), Gateway  
  16  0:44  Probe (Chrono Boost)  
  16  0:46  Assimilator  
  17  0:51  Probe  
  18  1:03  Probe  
  19  1:15  Probe  
  20  1:24  Nexus  
  20  1:34  Cybernetics Core  
  20  1:37  Probe  
  21  1:42  Assimilator  
  21  1:49  Probe  
  22  1:56  Pylon  
  22  2:01  Probe  
  23  2:11  Warp Gate  
  23  2:12  Adept (Chrono Boost)  
  23  2:14  Probe  
  26  2:26  Probe (Chrono Boost)  
  26  2:28  Twilight Council  
  27  2:31  Stalker  
  27  2:36  Probe (Chrono Boost)  
  30  2:46  Probe x2 (Chrono Boost)  
  30  2:51  Probe (Chrono Boost)  
  32  2:52  Probe (Chrono Boost)  
  34  3:01  Probe  
  34  3:02  Probe  
  36  3:08  Dark Shrine  
  36  3:13  Probe  
  36  3:14  Probe  
  36  3:19  Gateway  
  38  3:21  Gateway  
  38  3:25  Probe  
  39  3:27  Shield Battery  
  39  3:31  Probe  
  40  3:37  Probe  
  41  3:43  Probe, Assimilator  
  41  3:46  Pylon, Assimilator  
  40  3:50  Probe (Chrono Boost)  
  41  3:55  Probe (Chrono Boost)  
  41  4:02  Probe (Chrono Boost)  
  43  4:05  Probe (Chrono Boost)  
  43  4:07  Probe (Chrono Boost)  
  43  4:09  Blink (Chrono Boost)  
  45  4:10  Probe (Chrono Boost)  
  45  4:15  Probe  
  47  4:19  Pylon  
  47  4:20  Dark Templar  
  47  4:21  Dark Templar  
  51  4:24  Dark Templar  
  51  4:25  Probe  
  54  4:44  Probe x2  
  54  4:45  Nexus  
  45  4:55  Stalker x2  
  45  4:57  Stalker  
  52  5:01  Probe (Chrono Boost)  
  52  5:02  Probe (Chrono Boost)  
  53  5:08  Pylon  
  53  5:12  Probe (Chrono Boost)  
  55  5:14  Probe (Chrono Boost)  
  55  5:16  Probe (Chrono Boost)  
  53  5:28  Probe x2  
  55  5:32  Pylon  
  55  5:40  Probe x2 (Chrono Boost)  
  57  5:48  Stalker  
  57  5:49  Stalker x2  
  60  5:52  Probe x2 (Chrono Boost)  
  60  5:56  Robotics Facility  
  62  6:01  Probe x2 (Chrono Boost)  
  62  6:02  Probe (Chrono Boost)  
  65  6:06  Probe  
  65  6:08  Probe  
  67  6:12  Probe  
  67  6:17  Forge x2  
  68  6:19  Probe  
  68  6:20  Probe  
  68  6:24  Probe  
  71  6:30  Templar Archives  
  71  6:36  Gateway  
  71  6:38  Gateway  
  71  6:39  Gateway  
  71  6:42  Gateway  
  71  6:44  Pylon  
  71  6:45  Observer (Chrono Boost)  
  72  6:50  Gateway  
  72  6:51  Gateway  
  60  7:02  Stalker  
  60  7:05  Stalker  
  59  7:15  Pylon  
Show
View Real Time Build Order
Export as new Build Order

Ryung Terran - Winner!

Build Orders: Reaper Expand, MMM Bio 

Get SALT Encoding   

  12  0:01  SCV  
  13  0:13  SCV  
  14  0:18  Supply Depot  
  14  0:25  SCV  
  15  0:40  SCV  
  15  0:41  Barracks  
  16  0:46  Refinery  
  16  0:52  SCV  
  17  1:04  SCV  
  18  1:16  SCV  
  19  1:28  Orbital Command  
  19  1:29  Reaper  
  20  1:45  Command Center  
  20  1:52  Supply Depot  
  20  1:54  SCV  
  21  2:01  Marine  
  22  2:10  Factory  
  22  2:12  SCV  
  23  2:19  Marine  
  24  2:24  SCV  
  24  2:27  Barracks  
  25  2:33  Refinery  
  25  2:36  SCV  
  26  2:39  Marine  
  27  2:49  SCV  
  28  2:55  Starport  
  28  2:57  Widow Mine  
  30  3:03  Orbital Command  
  30  3:07  SCV  
  30  3:12  Barracks Reactor  
  31  3:14  Marine  
  31  3:19  Widow Mine, SCV  
  35  3:30  SCV  
  35  3:31  Medivac  
  35  3:32  SCV  
  39  3:38  Barracks Tech Lab  
  39  3:42  SCV  
  39  3:44  SCV  
  39  3:47  Supply Depot  
  40  3:54  SCV  
  41  3:56  SCV  
  41  3:59  Marine x2  
  41  4:00  Stimpack  
  41  4:01  Marine  
  45  4:05  Liberator  
  45  4:07  Engineering Bay  
  45  4:08  SCV  
  45  4:09  SCV  
  46  4:16  Supply Depot  
  46  4:17  Marine x2  
  46  4:18  Marine  
  46  4:21  SCV x2  
  54  4:33  Missile Turret  
  54  4:36  Terran Infantry Weapons Level 1  
  54  4:38  SCV x2  
  53  4:50  SCV x2, Marine  
  53  4:51  Marine  
  57  4:52  Marine  
  57  4:54  Factory Reactor  
  58  5:02  SCV x2, Bunker  
  58  5:03  Supply Depot  
  60  5:14  SCV x2  
  60  5:22  Marine x2  
  60  5:23  Marine  
  60  5:26  SCV x2  
  61  5:31  Missile Turret  
  61  5:36  Command Center  
  61  5:37  Medivac  
  61  5:38  SCV  
  61  5:42  Medivac  
  63  5:51  SCV x2  
  63  5:53  Marine x3  
  63  5:56  Supply Depot  
  68  6:01  Supply Depot  
  68  6:02  Combat Shields  
  68  6:03  Barracks  
  68  6:07  SCV x2  
  68  6:10  Refinery  
  70  6:11  Refinery  
  70  6:17  Marine x3  
  73  6:20  Supply Depot  
  73  6:21  Supply Depot  
  73  6:24  Factory Reactor  
  73  6:25  SCV  
  73  6:26  SCV  
  75  6:37  Marine x2  
  75  6:38  SCV x2  
  79  6:40  Marauder  
  79  6:44  Barracks  
  81  6:49  Orbital Command, Barracks  
  78  7:02  Marine x2, Barracks Tech Lab  
  78  7:03  SCV x2  

Tags
 
Add a new tag
Caveats
  • Supply blocks, unpowered buildings, or Contaminate may cause inaccurate times.
  • Supply counts are checked every 10 seconds.